 Dungeon Crawl Stone Soup version 0.26.0-45-g9c1d065592 (webtiles) character file.

Game seed: 14512031474877190937

3724 soggyman666 the Frost Mage (level 9, 0/70 HPs)
             Began as a Pale Draconian Ice Elementalist on Jan 28, 2021.
             Slain by an orc warrior
             ... wielding a +0 halberd
              (14 damage)
             ... on level 7 of the Dungeon on Jan 29, 2021.
             The game lasted 00:47:53 (6288 turns).

soggyman666 the Frost Mage (DrIE)                   Turns: 6288, Time: 00:47:54

Health: 0/70       AC: 18    Str: 10    XL:     9   Next: 92%
Magic:  14/20      EV: 14    Int: 17    God:
Gold:   304        SH:  0    Dex: 14    Spells: 15/23 levels left

rFire    x . .     SeeInvis .   c - +1 hand axe
rCold    + . .     Faith    .   (no shield)
rNeg     . . .     Spirit   .   (armour unavailable)
rPois    .         Reflect  .   (helmet restricted)
rElec    .         Harm     .   q - +1 cloak
rCorr    .         Rampage  .   (no gloves)
Will     .....                  (no boots)
Stlth    ++........             i - amulet of regeneration
HPRegen  0.61/turn              k - ring of wizardry
MPRegen  0.17/turn              j - ring of ice

@: lethally poisoned (0 -> 0), icy armour, frozen ramparts
A: breathe steam, unfitting armour, mutation resistance 1, cold-blooded, AC +7
a: Breathe Steam


You were on level 7 of the Dungeon.
You visited 1 branch of the dungeon, and saw 7 of its levels.

You collected 304 gold pieces.

Inventory:

Hand Weapons
 a - a +0 spear
 c - a +1 hand axe (weapon)
 u - a +2 short sword of flaming
Armour
 q - a +1 cloak (worn)
Magical Staves
 r - an uncursed staff of fire
 s - an uncursed staff of conjuration
Jewellery
 g - a +4 ring of protection
 h - an uncursed ring of see invisible
 i - an amulet of regeneration (around neck)
 j - a ring of ice (right hand)
 k - a ring of wizardry (left hand)
 n - an uncursed amulet of reflection
Scrolls
 e - 3 scrolls of teleportation
 p - a scroll of enchant weapon
 t - 2 scrolls of remove curse
Potions
 b - 3 potions of might {unknown}
 f - a potion of mutation
 l - 3 potions of berserk rage {unknown}
 m - 3 potions of cancellation
 o - a potion of attraction {unknown}
 v - a potion of heal wounds {unknown}


   Skills:
 + Level 3.4 Fighting
 + Level 5.2(5.5) Axes
 + Level 2.5(4.2) Polearms
 + Level 4.2 Dodging
 + Level 3.3 Stealth
 + Level 0.3 Unarmed Combat
 + Level 7.7 Spellcasting
 + Level 2.7 Necromancy
 + Level 8.2 Ice Magic


You had 15 spell levels left.
You knew the following spells:

 Your Spells              Type           Power        Failure   Level
a - Freeze                Ice            100%         1%          1
b - Frozen Ramparts       Ice            100%         1%          3
c - Ozocubu's Armour      Ice            51%          1%          3
d - Pain                  Necr           60%          1%          1

Your spell library contained the following spells:

 Spells                   Type           Power        Failure   Level
 Animate Skeleton         Necr           30%          1%          1
 Vampiric Draining        Necr           7%           4%          3
 Hailstorm                Conj/Ice       30%          9%          4
 Summon Ice Beast         Ice/Summ       30%          9%          4
 Animate Dead             Necr           7%           14%         4
 Agony                    Necr           15%          34%         5


Dungeon Overview and Level Annotations

Branches:
Dungeon (7/15)
 Temple: D:4-7

Altars:
Elyvilon
Nemelex Xobeh
Okawaru
Vehumet
Xom
Yredelemnul
Beogh

Annotations:
D:7 Menkaure


Innate Abilities, Weirdness & Mutations

You can breathe blasts of scalding, opaque steam.
Your pale cyan-grey scales are hard. (AC +7)
You cannot fit into any form of body armour.
You are cold-blooded and may be slowed by cold attacks.
You are somewhat resistant to further mutation.


Message History

The killer bee misses you.
The killer bee stings you but does no damage.
The orc warrior barely misses you.
The wall freezes the killer bee but does no damage.
The killer bee closely misses you. The killer bee stings you.
* * * LOW HITPOINT WARNING * * *
You are poisoned.
The killer bee poisons you! The killer bee closely misses you.
The wall freezes the killer bee.
You kill the killer bee!
The killer bee stings you but does no damage.
It was a potion of mutation.
You feel extremely strange.
You feel genetically stable.
You feel sick.
The wall freezes the killer bee.
The killer bee barely misses you. The killer bee closely misses you.
The killer bee barely misses you. The killer bee misses you.
The wall freezes the killer bee.
The killer bee stings you but does no damage.
The orc warrior hits you from afar with a +0 halberd!
You die...

_.............##
....#.......>..## ...
Z..##...........# ....
M.##............## #....
y##..............##.....
o#.....................
....(..o.##.........###.
##..#..######((yyy......
#..##..# ###†@yo.....
...##.## #.........
#..##.# #.........
...#### .......... ....#
.........#. .#......
.......#### ###......
.......## #.....
........# #....


You could see an orc warrior and 4 killer bees.

Vanquished Creatures
  The ghost of trckry the Quickloader, a novice TeHu (D:6)
  Maggie (D:6)
  Grinder (D:6)
  3 yaks (D:6)
  The ghost of thiole the Sneak, an amateur OpWz (D:3)
  Duvessa (D:6)
  3 ice beasts
  An orc warrior (D:7)
  A necrophage (D:6)
  A phantom (D:4)
  2 ogres
  3 centaurs
  4 bullfrogs
  Dowan (D:6)
  A killer bee (D:7)
  2 howler monkeys (D:5)
  A gnoll shaman (D:6)
  4 jellies (D:6)
  3 hounds
  4 orc wizards
  A quasit (D:3)
  A centaur skeleton (D:6)
  An orc priest (D:7)
  A worker ant (D:6)
  A killer bee zombie (D:6)
  8 gnolls
  8 adders
  A shadow imp (D:6)
  2 white imps
  An ufetubus (D:5)
  2 dart slugs (D:1)
  2 leopard geckos
  25 orcs
  A ball python (D:5)
  8 giant cockroaches
  7 goblins
  9 hobgoblins
  7 jackals
  3 quokkas
  8 bats
  4 frilled lizards
  A jackal skeleton (D:5)
  11 kobolds
  26 rats
178 creatures vanquished.

Notes
Turn   | Place    | Note
-------+----------+-------------------------------------------
     0 | D:1      | soggyman666 the Draconian Ice Elementalist began the quest
                  | for the Orb.
     0 | D:1      | Reached XP level 1. HP: 14/14 MP: 3/3
   113 | D:1      | Reached XP level 2. HP: 9/20 MP: 5/5
  1109 | D:2      | Reached XP level 3. HP: 25/26 MP: 3/6
  1453 | D:2      | Learned a level 3 spell: Frozen Ramparts
  1520 | D:2      | Reached skill level 1 in Polearms
  1605 | D:2      | Reached XP level 4. HP: 34/34 MP: 4/7
  2277 | D:3      | Reached XP level 5. HP: 39/39 MP: 1/9
  2354 | D:3      | Found a runed translucent gate.
  2596 | D:3      | Reached skill level 5 in Ice Magic
  2767 | D:3      | Found a basalt altar of Yredelemnul.
  2768 | D:3      | Found a radiant altar of Vehumet.
  2935 | D:3      | Found a runed translucent gate.
  2939 | D:3      | Found a runed translucent gate.
  2939 | D:3      | Noticed thiole's ghost (amateur OpWz)
  2939 | D:3      | Identified the +9 dagger of the Endless March {vorpal,
                  | rPois SInv}
  2941 | D:3      | Found a roughly hewn altar of Beogh.
  3192 | D:3      | Killed thiole's ghost
  3193 | D:3      | Reached skill level 1 in Fighting
  3193 | D:3      | Reached XP level 6. HP: 47/47 MP: 6/11
  3505 | D:4      | Found a shimmering altar of Xom.
  3902 | D:4      | Found a white marble altar of Elyvilon.
  3915 | D:4      | Reached skill level 1 in Axes
  4013 | D:5      | Entered Level 5 of the Dungeon
  4024 | D:5      | Your scales start taking on a pale cyan-grey colour.
  4024 | D:5      | Reached XP level 7. HP: 48/55 MP: 12/12
  4612 | D:5      | Reached skill level 6 in Ice Magic
  4930 | D:6      | Noticed a yak
  4935 | D:6      | Noticed a yak
  4937 | D:6      | Noticed a yak
  4946 | D:6      | Killed a yak
  4946 | D:6      | Killed a yak
  4947 | D:6      | Reached XP level 8. HP: 35/62 MP: 6/15
  4949 | D:6      | Reached skill level 5 in Spellcasting
  5034 | D:6      | Found an iron altar of Okawaru.
  5054 | D:6      | Learned a level 3 spell: Ozocubu's Armour
  5060 | D:6      | Learned a level 1 spell: Pain
  5119 | D:6      | Noticed Duvessa
  5120 | D:6      | Noticed Dowan
  5131 | D:6      | Noticed Maggie
  5169 | D:6      | Noticed trckry's ghost (novice TeHu)
  5188 | D:6      | Killed Maggie
  5189 | D:6      | Reached skill level 1 in Necromancy
  5189 | D:6      | Reached XP level 9. HP: 58/70 MP: 2/18
  5376 | D:6      | Reached skill level 7 in Ice Magic
  5449 | D:6      | Noticed Grinder
  5465 | D:6      | Killed Grinder
  5674 | D:6      | Found a runed translucent door.
  5689 | D:6      | Killed trckry's ghost
  5786 | D:6      | Reached skill level 5 in Axes
  5789 | D:6      | Killed Dowan
  5803 | D:6      | Killed Duvessa
  5815 | D:6      | Reached skill level 8 in Ice Magic
  6275 | D:7      | Found a sparkling altar of Nemelex Xobeh.
  6275 | D:7      | Noticed Menkaure
  6288 | D:7      | Gained mutation: You are somewhat resistant to further
                  | mutation. [potion of mutation]
  6288 | D:7      | Slain by an orc warrior

Illustrated notes

Levels and vault maps discovered:
D:1:      dpeg_arrival_shelter, layout_loops_ring, minmay_circled_x
D:2:      layout_basic
D:3:      layout_loops_ring, chequers_temple_overflow_statue_of_worship,
          biasface_ghost_orc_armoury, wad_floor_pattern_2,
          minmay_misc_feat_doors, minmay_rat_hole
D:4:      layout_loops_ring, kennysheep_little_box, general_overflow_altar
D:5:      layout_loops_ring
D:6:      cheibrodos_barr_body, layout_loops_ring, lemuel_doored_altar,
          hellmonk_ghost_happy_afterlife, uniq_maggie, uniq_duvessa,
          uniq_grinder
D:7:      layout_layer_cave, grunt_temple_overflow_open, tgw_sif,
          lemuel_round_altar, minmay_temple_entry_large_hall, basic_altar,
          uniq_menkaure, uniq_harold

Skill      XL: |  1  2  3  4  5  6  7  8  9 |
---------------+----------------------------+-----
Dodging        | 2 3 4 |  4.2
Stealth        | 2 3 |  3.3
Polearms       | 1 2 |  2.5
Spellcasting   | 3 4 6 7 |  7.7
Ice Magic      | 5 6 8 |  8.2
Fighting       | 1 2 3 |  3.4
Axes           | 1 3 4 5 |  5.2
Necromancy     | 1 2 |  2.7
Unarmed Combat | |  0.3

Action                   |  1- 3 |  4- 6 |  7- 9 || total
-------------------------+-------+-------+-------++-------
Melee: Spear             |    95 |   103 |       ||   198
       Unarmed           |    10 |       |       ||    10
       Tailslap          |     5 |    14 |    15 ||    34
       Hand axe          |       |    72 |   133 ||   205
       Punch             |       |       |     1 ||     1
 Cast: Freeze            |    25 |    27 |    40 ||    92
       Frozen Ramparts   |     1 |    16 |    16 ||    33
       Pain              |       |       |    31 ||    31
       Ozocubu's Armour  |       |       |     8 ||     8
 Abil: Breathe Steam     |       |       |    20 ||    20
  Use: Scroll            |     4 |     4 |     6 ||    14
       Potion            |       |       |     3 ||     3
 Stab: Sleeping          |     1 |     5 |     1 ||     7
Armor: Skin              |    50 |    64 |    74 ||   188
Dodge: Dodged            |    98 |   138 |   153 ||   389
